 Dungeon Crawl Stone Soup version 0.28.0-45-g0d030f2227 (webtiles) character file.

Game seed: 3099505048708638484

198 seaoflcl the Covered (level 6, -2/48 HPs)
             Began as a Human Fighter on Apr 23, 2022.
             Slain by a river rat (3 damage)
             ... on level 3 of the Dungeon.
             The game lasted 00:04:30 (3527 turns).

seaoflcl the Covered (Human Fighter)                Turns: 3527, Time: 00:04:31

Health: -2/48      AC:  7    Str: 18    XL:     6   Next: 5%
Magic:  6/6        EV:  9    Int:  9    God:
Gold:   129        SH:  4    Dex: 12    Spells: 5/5 levels left

rFire   . . .      SeeInvis .   l - +3 mace
rCold   . . .      Faith    .   c - +0 buckler
rNeg    . . .      Spirit   .   f - +0 scale mail
rPois   .          Reflect  .   (no helmet)
rElec   .          Harm     .   (no cloak)
rCorr   .          Rampage  .   (no gloves)
Will    .....                   (no boots)
Stlth   ..........              (no amulet)
HPRegen 0.16/turn               (no ring)
MPRegen 0.10/turn               (no ring)

@: no status effects
A: no striking features
a: no special abilities


You were on level 3 of the Dungeon.
You visited 1 branch of the dungeon, and saw 3 of its levels.

You collected 129 gold pieces.

Inventory:

Hand Weapons
 a - a +0 vorpal hand axe
 b - a +0 hunting sling
 j - a +2 vorpal hand axe
 k - a +0 long sword
 l - a +3 mace (weapon)
Missiles
 d - 19 sling bullets
Armour
 c - a +0 buckler (worn)
 f - a +0 scale mail (worn)
 s - a +0 helmet
Jewellery
 e - a ring of flight
Scrolls
 g - 2 scrolls of magic mapping {unknown}
 h - 3 scrolls of identify {unknown}
 m - 2 scrolls of noise {unknown}
 n - 2 scrolls of teleportation {unknown}
 r - a scroll of holy word {unknown}
Potions
 i - a potion of degeneration {unknown}
 o - a potion of resistance {unknown}
 p - 2 potions of heal wounds {unknown}
 q - a potion of ambrosia {unknown}


   Skills:
 + Level 3.6 Fighting
 + Level 3.2 Long Blades
 + Level 1.1(1.6) Axes
 + Level 1.6(1.8) Maces & Flails
 + Level 3.7 Armour
 + Level 1.0 Dodging
 + Level 3.6 Shields


You had 5 spell levels left.
You didn't know any spells.
Your spell library contained the following spells:

 Spells                   Type           Power      Damage    Failure   Level
 Foxfire                  Conj/Fire      0%         2x1d4     86%         1
 Conjure Flame            Conj/Fire      0%         6-21      99%         3
 Inner Flame              Hex/Fire       0%         N/A       99%         3
 Flame Wave               Conj/Fire      0%         2d4       100%        4


Dungeon Overview and Level Annotations

Branches:
Dungeon (3/15)

Altars:

Shops:
D:1 ((?*


Message History

The giant cockroach bites you but does no damage.
You thump the bat!
You kill the bat!
The giant cockroach bites you. The river rat closely misses you.
The giant cockroach bites you but does no damage.
The river rat twitches its whiskers.
The river rat bites you. The rat barely misses you.
The giant cockroach waves its antennae.
You sock the giant cockroach!
You kill the giant cockroach!
You hit the river rat but do no damage. The rat bites you but does no damage.
You block the worm's attack.
The river rat twitches its whiskers.
The river rat bites you.
You sock the rat!
You kill the rat!
The river rat barely misses you. The worm bites you but does no damage.
The worm bites you!
You see here a rat corpse.
You sock the worm!
The worm is heavily wounded.
The river rat bites you. The worm bites you! The worm barely misses you.
You hit the worm.
The worm is heavily wounded.
The river rat bites you but does no damage.
The worm bites you. The river rat bites you. The worm completely misses you.
You hit the river rat.
The river rat is moderately wounded.
The river rat bites you.
* * * LOW HITPOINT WARNING * * *
The worm barely misses you.
You barely miss the river rat.
The river rat is moderately wounded.
You block the river rat's attack. The worm bites you!
* * * LOW HITPOINT WARNING * * *
The worm bites you.
* * * LOW HITPOINT WARNING * * *
The river rat bites you.
You die...

###...........#
#.............#
#.............#
#.............#
#.............'
####.............#
#..........#>.....
###r####.#####......
#..@w.....####.#####
#..w...........#
#...≈≈≈....#...#
#..†≈≈≈≈.......#
#..≈≈.≈≈.......#
#..≈≈≈≈≈.......#
#...≈≈≈........#
#.....!........#
#..............


You could see 2 worms and a river rat.

Vanquished Creatures
  Natasha (thrice) (D:2)
  Robin (D:3)
  An adder (D:3)
  2 worms
  A dart slug (D:1)
  4 orcs (D:3)
  5 endoplasms
  13 giant cockroaches
  17 goblins
  6 hobgoblins
  4 jackals (D:1)
  7 kobolds
  2 quokkas
  5 ball pythons
  7 bats
  2 frilled lizards
  5 rats
85 creatures vanquished.

Notes
Turn   | Place    | Note
-------+----------+-------------------------------------------
     0 | D:1      | seaoflcl the Human Fighter began the quest for the Orb.
     0 | D:1      | Reached XP level 1. HP: 18/18 MP: 1/1
   180 | D:1      | Found Udwat's General Store.
   264 | D:1      | Reached XP level 2. HP: 21/24 MP: 2/2
   418 | D:1      | Found Zauren's Antique Weapon Shop.
   619 | D:1      | Found Zubis's Magic Scroll Shop.
   630 | D:1      | Reached XP level 3. HP: 25/29 MP: 3/3
   783 | D:1      | Found Lacidd Reqe's Weapon Shoppe.
   991 | D:1      | Noticed a bullfrog
  1249 | D:2      | Noticed Natasha
  1256 | D:2      | Killed Natasha
  1257 | D:2      | Reached XP level 4. HP: 22/35 MP: 4/4
  1286 | D:2      | Noticed Natasha
  1293 | D:2      | Killed Natasha
  1683 | D:2      | Noticed Natasha
  1692 | D:2      | Killed Natasha
  1693 | D:2      | Reached XP level 5. HP: 24/41 MP: 5/5
  2062 | D:2      | Reached skill level 1 in Axes
  2578 | D:3      | Found a faded altar of an unknown god.
  3168 | D:3      | Noticed Robin
  3172 | D:3      | Reached skill level 1 in Maces & Flails
  3214 | D:3      | Killed Robin
  3215 | D:3      | Reached XP level 6. HP: 8/48 MP: 6/6
  3222 | D:3      | Reached skill level 1 in Dodging
  3527 | D:3      | HP: 1/48 [worm (3)]
  3527 | D:3      | Slain by a river rat

Illustrated notes

Levels and vault maps discovered:
D:1:      evilmike_arrival_come_back, layout_basic, serial_shops, shop,
          nicolae_shop_waterfront, nicolae_shop_bloodbath_and_beyond,
          nicolae_shop_advertising_works [nicolae_subvault_shop_adworks]
D:2:      layout_basic, kennysheep_generic_room_11, uniq_natasha
D:3:      minmay_roachtagon, layout_basic, basic_ecumenical_altar,
          portal_sewer_entry_a, uniq_robin

Skill      XL: |  1  2  3  4  5  6 |
---------------+-------------------+-----
Long Blades    | 3 |  3.2
Axes           | 1 |  1.1
Maces & Flails | 1 |  1.6
Dodging        | 1 |  1.0
Fighting       | |  3.6
Armour         | |  3.7
Shields        | |  3.6

Action                   |  1- 3 |  4- 6 || total
-------------------------+-------+-------++-------
Melee: Long sword        |    56 |       ||    56
       Hand axe          |    16 |    34 ||    50
       Mace              |       |   129 ||   129
  Use: Potion            |     1 |     1 ||     2
Armor: Scale mail        |    45 |   104 ||   149
Dodge: Dodged            |    35 |   130 ||   165
Block: Buckler           |    20 |    72 ||    92
